 Dungeon Crawl Stone Soup version 0.30-a0-457-g4b7bca3bfa (webtiles) character file.

Game seed: 2678009504183100075

2056770 cforsyth the Conqueror (level 27, 218/218 HPs)
             Began as a Minotaur Berserker on Dec 14, 2022.
             Was a High Priest of Trog.
             Escaped with the Orb
             ... and 4 runes!
             The game lasted 03:08:55 (91627 turns).

cforsyth the Conqueror (Minotaur Berserker)        Turns: 91627, Time: 03:08:55

Health: 218/218    AC: 57    Str: 29      XL:     27
Magic:  22/22      EV: 19    Int:  4 (7)  God:    Trog [*****.]
Gold:   6447       SH: 28    Dex: 16      Spells: 26/26 levels left

rFire   + + +      SeeInvis +    U - +9 broad axe (flame)
rCold   + . .      Faith    .    K - +5 kite shield {rPois}
rNeg    + . .      Spirit   .    k - +13 crystal plate armour of the Sun {rF+ SInv}
rPois   +          Reflect  +    (helmet restricted)
rElec   +          Harm     .    e - scarf {rC+ rF+}
rCorr   .          Rampage  .    a - +2 pair of gloves
Will    ++...                    c - +2 pair of boots {Fly}
Stlth   ..........               M - amulet of the Special Tables {Reflect Contam rElec Regen+ SH+5}
HPRegen 1.36/turn                S - ring "Xicwouq" {rF++ AC+4}
MPRegen 0.18/turn                O - ring of positive energy

@: flying, studying 4 skills
A: horns 2, retaliatory headbutt, hooves 2, agile 1, deterioration 2, frail 2,
shaggy fur 1, devolution 1
0: Orb of Zot
}: 4/15 runes: barnacled, slimy, silver, gossamer
a: Renounce Religion, Berserk, Trog's Hand, Brothers in Arms


You escaped.
You worshipped Trog.
Trog was extremely pleased with you.
You visited 10 branches of the dungeon, and saw 52 of its levels.
You also visited: Wizlab and Desolation.

You collected 7241 gold pieces.
You spent 794 gold pieces at shops.

Inventory:

Hand Weapons
 U - a +9 broad axe of flaming (weapon)
 V - a +3 antimagic broad axe
 X - the +8 broad axe "Sarcophage" {vorpal, rElec rF++ Str+2 Dex-4}
   (Trog gifted it to you on level 3 of the Realm of Zot)

   It inflicts extra damage upon your enemies.
   Str:       It affects your strength (+2).
   Dex:       It affects your dexterity (-4).
   rF:        It greatly protects you from fire.
   rElec:     It insulates you from electricity.
Missiles
 A - 2 throwing nets (quivered)
Armour
 a - a +2 pair of gloves (worn)
 c - a +2 pair of boots of flying (worn)
 e - a scarf of resistance (worn)
 k - the +13 crystal plate armour of the Sun (worn) {rF+ SInv}
   (You acquired it in a wizard's laboratory)

   rF:        It protects you from fire.
   SInv:      It lets you see invisible.
 K - a +5 kite shield of poison resistance (worn)
Jewellery
 b - an amulet of the acrobat
 i - an amulet of reflection
 n - a +4 ring of protection
 w - the amulet "Wagahou" {Harm rPois Regen+ Str-4 Dex+2}
   (You found it on level 2 of the Spider Nest)

   [amulet of regeneration]

   Str:       It affects your strength (-4).
   Dex:       It affects your dexterity (+2).
   rPois:     It protects you from poison.
   Regen:     It increases your rate of health regeneration.
   Harm:      It increases damage dealt and taken.
 y - the ring "Bouman" {+Blink rPois rF+ Will+ Int+2}
   (You found it on level 5 of the Vaults)

   [ring of poison resistance]

   Int:       It affects your intelligence (+2).
   rF:        It protects you from fire.
   rPois:     It protects you from poison.
   +Blink:    It lets you blink.
   Will:      It increases your willpower.
 z - the ring of the Everdark {Fire Str+5}
   (You found it on level 5 of the Lair of Beasts)

   [ring of fire]

   It enhances your fire magic.
   Str:       It affects your strength (+5).
   rF:        It protects you from fire.
   rC:        It makes you vulnerable to cold.
 B - a +4 ring of evasion
 M - the amulet of the Special Tables (around neck) {Reflect Contam rElec Regen+ SH+5}
   (You took it off an imperial myrmidon in the Desolation of Salt)

   [amulet of reflection]

   It reflects blocked missile attacks.
   rElec:     It insulates you from electricity.
   Contam:    It causes magical contamination when unequipped.
   Regen:     It increases your rate of health regeneration.
   SH:        It affects your SH (+5).
 O - a ring of positive energy (right hand)
 Q - a ring of resist corrosion
 S - the ring "Xicwouq" (left hand) {rF++ AC+4}
   (You found it in the Desolation of Salt)

   [ring of protection]

   AC:        It affects your AC (+4).
   rF:        It greatly protects you from fire.
 Y - the amulet of the Ancients {RegenMP rPois Dex+2}
   (You found it in the Desolation of Salt)

   [amulet of magic regeneration]

   It increases your rate of magic regeneration.
   Dex:       It affects your dexterity (+2).
   rPois:     It protects you from poison.
Wands
 d - a wand of charming (35)
 q - a wand of polymorph (19)
 s - a wand of flame (91)
 D - a wand of acid (41)
 J - a wand of mindburst (29)
 N - a wand of roots (7)
 R - a wand of digging (12)
Scrolls
 f - 3 scrolls of silence
 g - 11 scrolls of teleportation
 l - 5 scrolls of magic mapping
 m - 9 scrolls of poison
 r - 15 scrolls of enchant weapon
 v - 6 scrolls of blinking
 C - 2 scrolls of fear
 E - 6 scrolls of fog
 I - 12 scrolls of vulnerability
 L - 3 scrolls of summoning
 W - 3 scrolls of enchant armour
Potions
 h - a potion of mutation
 j - 9 potions of ambrosia
 o - 9 potions of heal wounds
 p - 16 potions of curing
 t - 6 potions of invisibility
 u - 6 potions of berserk rage
 x - 7 potions of haste
 F - 9 potions of flight
 G - 11 potions of lignification
 H - a potion of might
 P - 12 potions of cancellation
 T - 7 potions of attraction
 Z - 3 potions of resistance


   Skills:
 O Level 27 Fighting
 O Level 27 Axes
 O Level 27 Armour
 O Level 27 Dodging
 + Level 6.4 Stealth
 + Level 26.1 Shields


You had 26 spell levels left.
You didn't know any spells.
Your spell library was empty.

Dungeon Overview and Level Annotations

Branches:
Dungeon (15/15)            Temple (0/1) D:6            Lair (5/5) D:8
 Shoals (4/4) Lair:2       Spider (4/4) Lair:2        Slime (5/5) Lair:5
    Orc (2/2) D:9             Elf (3/3) Orc:2        Vaults (5/5) D:13
  Crypt (0/3) Vaults:2     Depths (4/4) D:15            Zot (5/5) Depths:4
 WizLab (visited)         Desolation (visited)

Altars:
Ashenzari
Cheibriados
Dithmenos
Gozag
Kikubaaqudgha
Nemelex Xobeh
Okawaru
Sif Muna
Trog
Vehumet
Xom
Jiyva

Shops:
D:2 [   D:3 (   D:5 *   D:8 [   D:11 !   D:14 (   D:15 (   Orc:2 *?*(   Elf:1 [
Shoals:3 [   Shoals:4 *   Vaults:2 *   Vaults:3 *([(*   Vaults:4 [(
Depths:1 =

Portals:
Hell: Depths:1 Depths:3 Depths:4
Abyss: Depths:3
Pandemonium: Depths:2 Depths:3
Ziggurat: Depths:2

Annotations:
D:14 2 transporters, exclusion: orange crystal statue
Shoals:1 3 runed translucent doors, zishaf's ghost, adept VSBr
Zot:1 2 transporters, exclusion: 2 orange crystal statues, Gofuck's ghost, veteran DgAE; cforsyth's ghost, veteran MiBe


Innate Abilities, Weirdness & Mutations

You have a pair of horns on your head.
You reflexively headbutt those who attack you in melee.
You have hoof-like feet.
You are agile. (Dex +4, Str/Int -1)
Your body often deteriorates upon taking damage.
You are very frail. (-20% HP)
You are covered in fur. (AC +1)
You have hidden genetic defects.


Message History

You start resting.
You recover from your berserk rage.
You start resting.
You feel a little less mighty now.
Your skin crawls.
You feel strong-willed.
You start resting.
HP restored.
You fly upwards.
There is a stone staircase leading down here.
(D) Dungeon (T) Temple (L) Lair (A) Shoals (N) Spider Nest (M) Slime Pits (O) Orcish Mines (E) Elven Halls (V) Vaults (C) Crypt (U) Depths (H) Hell (Z) Zot
Where to? (Enter - D:1, ? - help)
Okay, then.
You feel yourself speed up.
You feel the effects of Trog's Hand fading.
A blizzard demon comes into view.
You block the blizzard demon's attack.
The blizzard demon hits you but does no damage.
Your skin stops crawling.
You feel less strong-willed. The blizzard demon gestures at you.
The bolt of lightning hits you. You resist.
There is a stone staircase leading down here.
A rust devil comes into view.
A hellwing comes into view.
Your extra speed is starting to run out.
You cut the hellwing into ribbons!!! You burn the hellwing.
You headbutt the hellwing.
You kill the hellwing!
Trog accepts your kill. Trog grants you a weapon!
Something appears at your feet!
You see here a +3 vorpal war axe.
You feel yourself slow down.
There is a stone staircase leading down here.
You reach down and open the door.
There is an open door here.
There is a staircase leading out of the dungeon here.
You have escaped!

#.##..##.#♣.....♣ ### ##
#......).#♣.♣♣♣.♣♣
#.####.
####.....#♣.♣P...♣♣
#.'....
#.....#♣.♣♣...P♣♣♣#.####.
#..##.#♣.♣P.⌠....♣### #.
#..####♣.♣....P♣P♣ ##
#.)####♣....♣P♣♣P♣ #
#.....#♣...♣♣♣♣♣.♣### #
#######♣@....4....'.# #
#...#♣♣♣♣♣♣♣♣♣♣♣#.# #
#.###### ######.# #
#.##.#.# ##...#..# #
#.##.#.## #......## #
#.##....# ##...#.######
#.####..#####...>......
#..............#.######
#############.##.#


You could see a rust devil.

Vanquished Creatures
  the Royal Jelly (Slime:5)
  Dissolution (Slime:4)
  4 dread liches
  9 orbs of fire
  2 ancient liches
  3 Killer Klowns
  Parghit (Zot:3)
  Xtahua (Vaults:4)
  A pandemonium lord (D:2)
  Bai Suzhen (Spider:2)
  5 curse toes
  8 golden dragons
  Nikola (Shoals:2)
  the Enchantress (Depths:3)
  A bone dragon (Depths:4)
  Arachne (Spider:3)
  3 electric golems
  16 tentacled monstrosities
  A Brimstone Fiend (Depths:2)
  Asterion (Vaults:3)
  The ghost of bakla the Brawler, an adept TrMo of Wu Jian (Elf:3)
  A deep elf master archer (Elf:3)
  Mlioglotl (Spider:2)
  19 acid blobs
  9 liches
  29 Orb Guardians
  4 titans
  3 deep elf blademasters (Elf:3)
  6 quicksilver dragons
  13 death cobs
  2 Executioners
  A tentacled starspawn (WizLab)
  A kraken (Shoals:2)
  4 sphinxes
  Polyphemus (Shoals:2)
  8 shadow dragons
  Kirke (D:13)
  Frances (D:13)
  The ghost of Belucowal the Severer, an adept DgFi (Elf:2)
  The ghost of ytrimaz the Severer, an adept DgFi (Spider:4)
  11 storm dragons
  5 tengu reavers
  15 azure jellies
  A nagaraja (WizLab)
  10 draconian knights
  4 fire giants
  8 draconian monks
  5 emperor scorpions
  9 deep elf sorcerers
  8 frost giants
  4 iron dragons
  4 draconian scorchers
  4 deep elf elementalists (Elf:3)
  19 rockslimes
  9 ghost moths
  3 imperial myrmidons (Desolation)
  5 draconian shifters
  2 orc warlords
  26 vault wardens
  Louise (Shoals:2)
  6 spriggan defenders
  A cacodemon (Zot:1)
  19 ironbound preservers
  6 caustic shrike skeletons (Depths:3)
  11 quicksilver oozes
  10 draconian annihilators
  3 war gargoyles
  4 broodmothers
  9 draconian stormcallers
  34 very ugly things
  6 ironbound thunderhulks
  3 demonspawn corrupters (WizLab)
  5 vampire knights
  14 stone giants
  18 green draconians
  6 deep elf annihilators
  7 deep elf demonologists
  2 eleionomae (Depths:3)
  7 white draconians
  8 spark wasps
  9 dire elephants
  20 black draconians
  15 yellow draconians
  13 purple draconians
  Azrael (Orc:2)
  14 red draconians
  A halazid warlock (Desolation)
  3 crystal guardians
  10 ettins
  8 deep elf death magi
  Snorg (Lair:3)
  4 merfolk javelineers
  10 entropy weavers
  13 great orbs of eyes
  11 merfolk impalers
  2 jiangshi (Depths:1)
  14 yaktaur captains
  A hell beast (Depths:1)
  7 deep elf high priests
  6 fire dragons
  4 servants of whispers (Desolation)
  10 ragged hierophants (Desolation)
  3 rakshasas
  8 peacekeepers
  6 hydras
  Erolcha (D:9)
  4 ice dragons
  5 spriggan air magi
  39 vault guards
  4 ogre magi
  4 catoblepae
  13 ironbound frosthearts
  An anaconda (shapeshifter) (Depths:1)
  2 radroaches
  3 jorogumos
  A merfolk aquamancer (Shoals:4)
  5 alligator snapping turtles
  21 centaur warriors
  9 two-headed ogres
  5 satyrs
  A death scarab (Spider:4)
  6 deep troll earth magi
  2 deep troll shamans (Depths:2)
  5 vampire magi
  30 dancing weapons
  10 boulder beetles
  3 hell hogs (Depths:1)
  5 orc high priests
  16 death yaks
  6 spriggan berserkers
  8 tengu warriors
  3 soul eaters (Depths:1)
  16 deep elf knights
  2 sun demons (Shoals:3)
  Sonja (D:11)
  18 hell knights
  Amaemon (Lair:1)
  A shadow wraith (Vaults:5)
  2 iron trolls
  5 pharaoh ants
  5 sun moths
  2 sixfirhies
  5 skeletal warriors (D:14)
  A flayed ghost (Depths:1)
  2 shadow demons (Depths:1)
  12 sea snakes
  6 steelbarb worms
  2 glowing orange brains
  63 deep trolls
  11 orc knights
  16 lindwurms
  20 wizards
  7 spriggan druids (Depths:3)
  18 orb spiders
  15 necromancers
  Pikel (D:9)
  4 phantasmal warriors
  19 ironbound convokers
  10 deep elf archers
  30 deep elf pyromancers
  26 deep elf zephyrmancers
  19 harpies
  6 cyclopes
  39 ugly things
  32 wolf spiders
  19 manticores
  A salamander (shapeshifter) (Elf:2)
  9 shining eyes
  A mana viper (shapeshifter) (Vaults:4)
  5 orc sorcerers
  20 fauns
  4 worldbinders (WizLab)
  A salamander (Depths:1)
  37 moths of wrath
  A wolf spider (shapeshifter) (Vaults:5)
  20 vault sentinels
  15 water nymphs
  Maurice (D:9)
  12 merfolk sirens
  4 guardian serpents
  Joseph (D:8)
  2 smoke demons
  7 black mambas
  A black mamba (shapeshifter) (Vaults:3)
  A molten gargoyle (Desolation)
  2 gargoyles
  A rust devil (Depths:2)
  3 eyes of devastation (Slime:5)
  3 orange demons
  23 cane toads
  A naga mage (Vaults:4)
  A cane toad (shapeshifter) (D:14)
  2 unseen horrors
  3 torpor snails (Spider:2)
  Psyche (D:11)
  4 freezing wraiths
  8 kobold demonologists
  12 demonic crawlers
  4 komodo dragons
  A yaktaur (shapeshifter) (Vaults:5)
  An ice devil (D:13)
  2 tengu conjurers
  21 yaktaurs
  A tormentor (Depths:2)
  A hellwing (D:1)
  A yaktaur skeleton (Vaults:3)
  A red devil (D:10)
  20 merfolk
  A hornet (shapeshifter) (D:15)
  A polar bear (Lair:2)
  4 wind drakes
  A polar bear (shapeshifter) (Vaults:5)
  12 meliai
  A troll (shapeshifter) (D:15)
  52 saltlings (Desolation)
  47 tarantellas
  4 trolls
  15 hornets
  A merfolk (shapeshifter) (Vaults:5)
  29 dream sheep
  4 tyrant leeches (Lair:5)
  30 blink frogs
  10 snapping turtles
  144 slime creatures
  16 jumping spiders
  7 air elementals
  A vampire (D:12)
  2 fire bats (Depths:1)
  5 hogs
  29 culicivoras
  42 spriggans
  10 water elementals
  A ynoxinul (D:8)
  16 humans (D:13)
  6 wraiths
  A chaos spawn (Depths:2)
  2 wyverns
  A yak (shapeshifter) (D:14)
  49 yaks
  5 fire elementals
  82 redbacks
  8 golden eyes
  11 vampire mosquitoes
  8 basilisks
  A neqoxec (Depths:2)
  A glowing shapeshifter zombie (Vaults:5)
  2 wargs
  10 water moccasins
  7 hell hounds
  An ogre skeleton (Vaults:3)
  A floating eye (shapeshifter) (Vaults:4)
  An ice beast (Vaults:4)
  Duvessa (D:4)
  2 black bears
  18 orc warriors
  11 boggarts
  6 wolves (Lair:2)
  2 ogres
  17 centaurs
  A lemure (D:9)
  8 kobold brigands
  3 necrophages
  3 human skeletons (Vaults:5)
  19 bullfrogs
  4 earth elementals
  A gnoll sergeant (D:9)
  9 scorpions
  3 wights (D:8)
  Dowan (D:4)
  14 killer bees
  A human simulacrum (Vaults:3)
  A vampire bat (Vaults:4)
  6 howler monkeys
  2 electric eels (Lair:5)
  A crimson imp (Spider:1)
  3 jellies
  5 hounds
  22 orc priests
  2 gnoll boudas
  4 iguanas
  Terence (D:2)
  Natasha (thrice) (D:3)
  31 orc wizards
  11 hell rats
  13 gnolls
  10 adders
  4 shadow imps
  2 white imps
  3 worms
  72 orcs
  5 ball pythons
  3 endoplasms
  A giant cockroach (D:1)
  5 goblins
  7 hobgoblins
  9 jackals
  2 quokkas
  6 bats
  43 kobolds
  13 kobold skeletons (D:12)
  5 kobold zombies (D:12)
  A spectral goblin (D:2)
  A fire vortex (Depths:1)
  2 pillars of salt (Vaults:4)
  3 tentacles (Shoals:2)
2711 creatures vanquished.

Vanquished Creatures (others)
  A draconian knight (Zot:2)
  A stone giant (Depths:4)
  2 deep elf zephyrmancers
  A necromancer (Zot:1)
  2 manticores
  A tarantella (Spider:4)
  A saltling (Desolation)
  2 redbacks
  A boggart (D:14)
  A kobold (D:11)
  26 fungi
  198 plants
  4 starspawn tentacles (WizLab)
  2 tentacles (Shoals:2)
243 creatures vanquished.

Grand Total: 2954 creatures vanquished

Notes
Turn   | Place    | Note
-------+----------+-------------------------------------------
     0 | D:1      | cforsyth the Minotaur Berserker began the quest for the
                  | Orb.
     0 | D:1      | Reached XP level 1. HP: 19/19 MP: 0/0
   217 | D:1      | Reached XP level 2. HP: 24/27 MP: 1/1
  1062 | D:2      | Found Noezofun's Antique Armour Shoppe.
  1322 | D:2      | Found a shimmering altar of Xom.
  1337 | D:2      | Reached XP level 3. HP: 30/33 MP: 2/2
  1363 | D:2      | Found a faded altar of an unknown god.
  1498 | D:2      | Reached ** piety under Trog
  1522 | D:2      | Noticed Terence
  1536 | D:2      | Killed Terence
  1537 | D:2      | Reached XP level 4. HP: 41/41 MP: 3/3
  1688 | D:3      | Noticed a scorpion
  1698 | D:3      | Killed a scorpion
  1699 | D:3      | Reached XP level 5. HP: 40/47 MP: 4/4
  1815 | D:3      | Found Yrydifo's Weapon Shoppe.
  1837 | D:3      | Noticed Natasha
  1845 | D:3      | Killed Natasha
  1858 | D:3      | Noticed Natasha
  1865 | D:3      | Killed Natasha
  1866 | D:3      | Reached skill level 5 in Fighting
  2087 | D:3      | Found a radiant altar of Vehumet.
  2087 | D:3      | Found a bloodstained altar of Trog.
  2344 | D:3      | Noticed Natasha
  2359 | D:3      | Killed Natasha
  2360 | D:3      | Reached skill level 5 in Axes
  2426 | D:3      | Reached XP level 6. HP: 50/56 MP: 5/5
  2552 | D:4      | Noticed Dowan
  2554 | D:4      | Noticed Duvessa
  2856 | D:4      | Killed Duvessa
  2857 | D:4      | Reached skill level 5 in Armour
  2857 | D:4      | Reached XP level 7. HP: 62/62 MP: 6/6
  2860 | D:4      | Killed Dowan
  3079 | D:4      | Reached skill level 5 in Dodging
  3089 | D:4      | Gained mutation: You have large cloven feet. [potion of
                  | mutation]
  3089 | D:4      | Gained mutation: You have a pair of large horns on your
                  | head. [potion of mutation]
  3089 | D:4      | Gained mutation: You have hoof-like feet. [potion of
                  | mutation]
  3674 | D:5      | Entered Level 5 of the Dungeon
  3882 | D:5      | Reached *** piety under Trog
  3916 | D:5      | Reached XP level 8. HP: 71/71 MP: 7/7
  4347 | D:5      | Found Icask's Assorted Antiques.
  4995 | D:6      | Found a staircase to the Ecumenical Temple.
  5800 | D:7      | Reached XP level 9. HP: 64/81 MP: 8/8
  5967 | D:7      | Noticed a gargoyle
  5984 | D:7      | Killed a gargoyle
  6286 | D:8      | Found a staircase to the Lair.
  6354 | D:8      | Noticed Joseph
  6360 | D:8      | Reached **** piety under Trog
  6380 | D:8      | Killed Joseph
  6782 | D:8      | Noticed a centaur warrior
  6793 | D:8      | Killed a centaur warrior
  6794 | D:8      | Reached XP level 10. HP: 64/91 MP: 9/9
  6796 | D:8      | Noticed a deep elf pyromancer
  6816 | D:8      | Killed a deep elf pyromancer
  6827 | D:8      | Noticed a gargoyle
  6831 | D:8      | Noticed a two-headed ogre
  6840 | D:8      | Killed a gargoyle
  6841 | D:8      | Reached skill level 10 in Fighting
  6841 | D:8      | Reached skill level 10 in Axes
  6845 | D:8      | Killed a two-headed ogre
  7065 | D:8      | Noticed a cyclops
  7095 | D:8      | Killed a cyclops
  7096 | D:8      | Reached skill level 10 in Armour
  7536 | D:8      | Found Li Ji's Dragon-Slaying Spoils.
  7575 | D:8      | Noticed a two-headed ogre
  7584 | D:8      | Killed a two-headed ogre
  7656 | D:8      | Noticed a manticore
  7672 | D:8      | Killed a manticore
  7698 | D:8      | Noticed a manticore
  8221 | D:8      | Noticed a catoblepas
  8656 | D:9      | Reached XP level 11. HP: 89/101 MP: 10/10
  8754 | D:9      | Noticed Pikel
  8761 | D:9      | Killed Pikel
  8958 | D:9      | Noticed Maurice
  8971 | D:9      | Killed Maurice
  9445 | D:9      | Noticed Erolcha
  9471 | D:9      | Killed Erolcha
  9472 | D:9      | Reached skill level 10 in Dodging
  9919 | D:9      | Found a staircase to the Orcish Mines.
 10021 | D:8      | Killed a catoblepas
 10384 | D:2      | Bought a runed kite shield for 210 gold pieces
 10553 | Lair:1   | Entered Level 1 of the Lair of Beasts
 11042 | Lair:1   | Reached skill level 1 in Shields
 11332 | Lair:1   | Noticed Amaemon
 11348 | Lair:1   | Killed Amaemon
 11354 | Lair:1   | Reached XP level 12. HP: 82/112 MP: 11/11
 11679 | Lair:1   | You fall into a shaft and drop 1 floor!
 12200 | Lair:2   | Noticed an eight-headed hydra
 12214 | Lair:2   | Killed a 17-headed hydra
 12215 | Lair:2   | Reached skill level 5 in Shields
 12692 | Lair:2   | Found a staircase to the Shoals.
 12697 | Lair:2   | Found a hole to the Spider Nest.
 12881 | Lair:2   | Reached ***** piety under Trog
 13100 | Lair:3   | Noticed Snorg
 13123 | Lair:3   | Killed Snorg
 13709 | Lair:3   | Noticed a four-headed hydra
 13722 | Lair:3   | Killed a 12-headed hydra
 14178 | Lair:4   | Reached XP level 13. HP: 122/122 MP: 12/12
 14980 | Lair:5   | Entered Level 5 of the Lair of Beasts
 14980 | Lair:5   | Found a sparkling altar of Nemelex Xobeh.
 16695 | Lair:5   | Identified the ring of the Everdark {Fire Str+5}
 16768 | Lair:5   | Found a staircase to the Slime Pits.
 16769 | Lair:5   | Found a viscous altar of Jiyva.
 16776 | Lair:5   | Reached XP level 14. HP: 133/133 MP: 13/13
 17681 | D:10     | Entered Level 10 of the Dungeon
 18063 | D:10     | Found a shadowy altar of Dithmenos.
 18460 | D:11     | Found Wanafra's Distillery.
 18489 | D:11     | Noticed Psyche
 18496 | D:11     | Killed Psyche
 18727 | D:11     | Noticed Sonja
 18771 | D:11     | Killed Sonja
 18883 | D:11     | Received a gift from Trog
 19099 | D:12     | Found an opulent altar of Gozag.
 19446 | D:12     | Found an ancient bone altar of Kikubaaqudgha.
 19459 | D:12     | Reached skill level 15 in Fighting
 19459 | D:12     | Reached skill level 10 in Shields
 19620 | D:12     | Reached skill level 15 in Axes
 20061 | Orc:1    | Entered Level 1 of the Orcish Mines
 20356 | Orc:2    | Entered Level 2 of the Orcish Mines
 20996 | Orc:2    | Found a staircase to the Elven Halls.
 21007 | Orc:2    | Noticed Azrael
 21013 | Orc:2    | Received a gift from Trog
 21016 | Orc:2    | Killed Azrael
 21442 | Orc:2    | Reached skill level 15 in Armour
 22285 | Orc:2    | Found Riklipn's Assorted Antiques.
 22285 | Orc:2    | Found Peff's Antique Weapon Shop.
 22287 | Orc:2    | Found Vavvutem's Magic Scroll Emporium.
 22287 | Orc:2    | Found Zeosso's Assorted Antiques.
 22308 | Orc:2    | Bought 3 scrolls of enchant weapon for 270 gold pieces
 22308 | Orc:2    | Bought a scroll of enchant armour for 90 gold pieces
 22309 | Orc:2    | Bought a lumpy sapphire potion for 19 gold pieces
 23113 | D:13     | Received a gift from Trog
 23319 | D:13     | Noticed Kirke
 23422 | D:13     | Killed Kirke
 23423 | D:13     | Reached XP level 15. HP: 142/143 MP: 14/14
 23500 | D:13     | Found a gate to the Vaults.
 23857 | D:13     | Identified the +2 chain mail "Agemo" {-Cast +Blink Fly rF+}
 23972 | D:13     | Noticed Frances
 23984 | D:13     | Killed Frances
 24252 | D:13     | Found a transporter.
 24254 | D:13     | Found a transporter.
 24642 | D:14     | Received a gift from Trog
 24754 | D:14     | Found a transporter.
 24756 | D:14     | Noticed a storm dragon
 24760 | D:14     | Found a transporter.
 25176 | D:14     | Reached skill level 15 in Dodging
 25291 | D:14     | Found an iron altar of Okawaru.
 25636 | D:14     | Found Jedola's Weapon Emporium.
 25776 | D:15     | Entered Level 15 of the Dungeon
 25941 | D:15     | Found a staircase to the Depths.
 26120 | D:15     | Found Macs's Weapon Boutique.
 26297 | D:15     | Found a broken altar of Ashenzari.
 26871 | Spider:1 | Entered Level 1 of the Spider Nest
 28139 | Lair:2   | Reached XP level 16. HP: 155/155 MP: 15/15
 28380 | Lair:2   | Received a gift from Trog
 29928 | Spider:1 | Received a gift from Trog
 31302 | Spider:2 | Identified the amulet "Wagahou" {Harm rPois Regen+ Str-4
                  | Dex+2}
 31746 | Spider:3 | Noticed Mlioglotl
 32405 | Spider:2 | Identified the +11 quarterstaff "Xonwarar" {vorpal, rElec
                  | Will+ Str+7 Int-2} (Trog gifted it to you on level 2 of the
                  | Spider Nest)
 32405 | Spider:2 | Received a gift from Trog
 33593 | Spider:2 | Killed Mlioglotl
 35163 | Spider:3 | Noticed Bai Suzhen
 35689 | Spider:2 | Killed Bai Suzhen
 36029 | Spider:2 | Reached XP level 17. HP: 166/166 MP: 16/16
 36833 | Spider:3 | Found a runed translucent door.
 37524 | Spider:3 | Identified the +5 plate armour of Gravitas {+Inv}
 37634 | Spider:4 | Entered Level 4 of the Spider Nest
 38280 | Spider:4 | Noticed Arachne
 38479 | Spider:3 | Killed Arachne
 38479 | Spider:3 | Received a gift from Trog
 39808 | Spider:3 | Paralysed by a jorogumo for 1 turns
 40156 | Spider:4 | Got a gossamer rune of Zot
 40358 | Spider:4 | Found a runed translucent gate.
 40358 | Spider:4 | Found a runed translucent gate.
 40358 | Spider:4 | Found a runed translucent gate.
 40361 | Spider:4 | Noticed ytrimaz's ghost (adept DgFi)
 41796 | Spider:4 | Killed ytrimaz's ghost
 42169 | Shoals:1 | Entered Level 1 of the Shoals
 43025 | Shoals:1 | Reached XP level 18. HP: 176/176 MP: 17/17
 43471 | Shoals:1 | Identified the +5 trident of Dithmenos's Reproof {flame,
                  | *Corrode Will++ Dex+4}
 43792 | Shoals:1 | Found a runed translucent gate.
 43793 | Shoals:1 | Found a runed translucent gate.
 43795 | Shoals:1 | Found a runed translucent gate.
 43965 | Shoals:1 | Noticed zishaf's ghost (adept VSBr)
 44618 | Shoals:2 | Noticed Louise
 44628 | Shoals:2 | Noticed Nikola
 45202 | Shoals:2 | Identified the +8 war axe of the Forest {vorpal, rF- Str+5}
                  | (Trog gifted it to you on level 2 of the Shoals)
 45202 | Shoals:2 | Received a gift from Trog
 45275 | Shoals:2 | Noticed Polyphemus
 45276 | Shoals:2 | Killed Louise
 45288 | Shoals:2 | Killed Polyphemus
 45399 | Shoals:2 | Killed Nikola
 47011 | Shoals:3 | Found Erom's Antique Armour Emporium.
 47119 | Shoals:4 | Entered Level 4 of the Shoals
 47342 | Shoals:4 | Found Plog's CLEARANCE SALE!.
 47354 | Shoals:4 | Bought a scroll of blinking for 45 gold pieces
 48756 | Shoals:4 | Received a gift from Trog
 50318 | Shoals:4 | Got a barnacled rune of Zot
 50420 | Shoals:4 | Reached XP level 19. HP: 138/187 MP: 18/18
 50539 | Shoals:4 | Identified the +1 scale mail "Xaffotet" {Will++ Str-3
                  | Int+3}
 50874 | Vaults:1 | Entered Level 1 of the Vaults
 51060 | Vaults:1 | Found a magical portal.
 51065 | WizLab   | Entered Alistair's Party Mansion
 51474 | WizLab   | Noticed a golden dragon
 52473 | WizLab   | Identified a scroll of acquirement
 52493 | WizLab   | Acquired the +13 crystal plate armour of the Sun {rF+ SInv}
 53210 | Vaults:1 | Paralysed by a great orb of eyes for 5 turns
 53433 | Vaults:1 | Received a gift from Trog
 54920 | Vaults:2 | Reached XP level 20. HP: 182/199 MP: 19/19
 54950 | Vaults:2 | Received a gift from Trog
 55140 | Vaults:2 | Found Ifulior's General Store.
 55147 | Vaults:2 | Bought a scroll of enchant armour for 112 gold pieces
 55565 | Vaults:2 | Found a staircase to the Crypt.
 55904 | Vaults:3 | Noticed Asterion
 55915 | Vaults:3 | Killed Asterion
 56133 | Vaults:3 | Received a gift from Trog
 57165 | Vaults:3 | Found Sixu's Weapon Shop.
 58067 | Vaults:3 | Found Tytzur's General Store.
 58269 | Vaults:3 | Found Qihyqul's General Store.
 58275 | Vaults:3 | Bought a scroll of teleportation for 48 gold pieces
 58492 | Vaults:3 | Found Douweukh's Antique Weapon Boutique.
 58530 | Vaults:3 | Received a gift from Trog
 58630 | Vaults:3 | Found Muci's Antique Armour Boutique.
 58917 | Vaults:4 | Noticed Xtahua
 58917 | Vaults:4 | Found Lutorus's Weapon Shop.
 58927 | Vaults:4 | Killed Xtahua
 58984 | Vaults:4 | Found a crumbling gateway.
 58993 | Desolati | Entered the Desolation of Salt
 59040 | Desolati | Reached XP level 21. HP: 147/209 MP: 20/20
 59290 | Desolati | Identified the amulet of the Ancients {RegenMP rPois Dex+2}
 59295 | Desolati | Identified the ring "Teicoiz" {Ice rCorr}
 59453 | Desolati | Identified the amulet of the Special Tables {Reflect Contam
                  | rElec Regen+ SH+5}
 59594 | Desolati | Received a gift from Trog
 59691 | Desolati | Identified the amulet "Yklurel" {Reflect Harm rF- rCorr
                  | SH+5}
 59755 | Desolati | Identified the +0 scale mail "Heconac" {Harm Rampage rN+
                  | Int-3}
 59765 | Desolati | Identified the ring "Xicwouq" {rF++ AC+4}
 60618 | Vaults:4 | Reached ****** piety under Trog
 60661 | Vaults:4 | Reached skill level 15 in Shields
 60666 | Vaults:4 | Received a gift from Trog
 60797 | Vaults:4 | Found Ecuduget's Armour Boutique.
 61591 | Elf:1    | Entered Level 1 of the Elven Halls
 61596 | Elf:1    | Paralysed by an air elemental for 1 turns
 62168 | Elf:1    | Found Evam's Antique Armour Shop.
 62258 | Elf:2    | Received a gift from Trog
 62295 | Elf:2    | Found a runed translucent door.
 62403 | Elf:2    | Reached XP level 22. HP: 222/222 MP: 21/21
 62416 | Elf:2    | Paralysed by an air elemental for 1 turns
 62443 | Elf:2    | Found a runed translucent gate.
 62448 | Elf:2    | Found a runed translucent gate.
 62448 | Elf:2    | Found a runed translucent gate.
 62845 | Elf:2    | Noticed Belucowal's ghost (adept DgFi)
 62862 | Elf:2    | Killed Belucowal's ghost
 63298 | Elf:2    | Received a gift from Trog
 63460 | Elf:3    | Entered Level 3 of the Elven Halls
 63469 | Elf:3    | Found a large runed translucent door.
 63473 | Elf:3    | Found a large runed translucent door.
 63475 | Elf:3    | Noticed bakla's ghost (adept TrMo)
 63595 | Elf:3    | Found a radiant altar of Vehumet.
 64446 | Elf:3    | Received a gift from Trog
 64657 | Elf:3    | Identified the +8 dagger "Efesumit" {vorpal, rElec Will+
                  | Dex+3}
 64664 | Elf:3    | Identified the +9 spear "Liuss" {flame, rF+ Str-2 Dex+6}
 64664 | Elf:3    | Identified the +1 leather armour of Cloud Cover {rPois rF+
                  | Int+2}
 64667 | Elf:3    | Identified the +8 morningstar of the Usurping Seer {holy,
                  | *Corrode rPois rN+}
 65008 | Elf:3    | Killed bakla's ghost
 65270 | Slime:1  | Entered Level 1 of the Pits of Slime
 65440 | Slime:1  | Gained mutation: You are frail. (-10% HP) [a shining eye]
 66248 | Slime:2  | Gained mutation: You are dopey. (Int -2) [a shining eye]
 66251 | Slime:2  | Gained mutation: You are vulnerable to cold. (rC-) [a
                  | shining eye]
 66339 | Slime:2  | Gained mutation: You are clumsy. (Dex -2) [a shining eye]
 66341 | Slime:2  | Gained mutation: You are very frail. (-20% HP) [a shining
                  | eye]
 66676 | Slime:3  | Received a gift from Trog
 66717 | Slime:2  | Lost mutation: You have a pair of large horns on your head.
                  | [a shining eye]
 66718 | Slime:2  | Gained mutation: Your body sometimes deteriorates upon
                  | taking damage. [a shining eye]
 67073 | Slime:4  | Gained mutation: You are extremely frail. (-30% HP) [a
                  | shining eye]
 67435 | Slime:5  | Entered Level 5 of the Pits of Slime
 68158 | Slime:4  | Noticed Dissolution
 68178 | Slime:4  | Killed Dissolution
 68179 | Slime:4  | Reached XP level 23. HP: 112/163 MP: 22/22
 69020 | Slime:5  | Received a gift from Trog
 69025 | Slime:5  | Noticed the Royal Jelly
 69622 | Slime:4  | Gained mutation: Armour fits poorly on your strangely
                  | shaped body. [a shining eye]
 70331 | Slime:4  | Lost mutation: Your body sometimes deteriorates upon taking
                  | damage. [potion of mutation]
 70331 | Slime:4  | Lost mutation: Armour fits poorly on your strangely shaped
                  | body. [potion of mutation]
 70331 | Slime:4  | Gained mutation: You are very clumsy. (Dex -4) [potion of
                  | mutation]
 70332 | Slime:4  | Lost mutation: You have hoof-like feet. [potion of
                  | mutation]
 70332 | Slime:4  | Lost mutation: You are very clumsy. (Dex -4) [potion of
                  | mutation]
 70332 | Slime:4  | Lost mutation: You are clumsy. (Dex -2) [potion of
                  | mutation]
 70332 | Slime:4  | Gained mutation: You are partially covered in iridescent
                  | scales. (AC +2) [potion of mutation]
 70332 | Slime:4  | Gained mutation: You are mostly covered in iridescent
                  | scales. (AC +4) [potion of mutation]
 70333 | Slime:4  | Lost mutation: You are dopey. (Int -2) [potion of mutation]
 70333 | Slime:4  | Lost mutation: You have large cloven feet. [potion of
                  | mutation]
 70333 | Slime:4  | Gained mutation: You have hidden genetic potential. [potion
                  | of mutation]
 70333 | Slime:4  | Lost mutation: You are mostly covered in iridescent scales.
                  | (AC +4) [potion of mutation]
 70333 | Slime:4  | Gained mutation: You are covered in fur. (AC +1) [potion of
                  | mutation]
 70333 | Slime:4  | Gained mutation: You expend magic power (3 MP) to
                  | strengthen your wands. [potion of mutation]
 70334 | Slime:4  | Lost mutation: You have hidden genetic potential. [potion
                  | of mutation]
 70334 | Slime:4  | Lost mutation: You are extremely frail. (-30% HP) [potion
                  | of mutation]
 70334 | Slime:4  | Gained mutation: You are weak. (Str -2) [potion of
                  | mutation]
 70334 | Slime:4  | Gained mutation: You are partially covered in large bone
                  | plates. (SH +4) [potion of mutation]
 70335 | Slime:4  | Lost mutation: You are partially covered in iridescent
                  | scales. (AC +2) [potion of mutation]
 70335 | Slime:4  | Lost mutation: You are weak. (Str -2) [potion of mutation]
 70335 | Slime:4  | Lost mutation: You are very frail. (-20% HP) [potion of
                  | mutation]
 70335 | Slime:4  | Lost mutation: You are covered in fur. (AC +1) [potion of
                  | mutation]
 70335 | Slime:4  | Gained mutation: Your body sometimes deteriorates upon
                  | taking damage. [potion of mutation]
 70336 | Slime:4  | Lost mutation: You are vulnerable to cold. (rC-) [potion of
                  | mutation]
 70336 | Slime:4  | Lost mutation: You expend magic power (3 MP) to strengthen
                  | your wands. [potion of mutation]
 70336 | Slime:4  | Gained mutation: You occasionally lose the ability to read
                  | scrolls when taking damage. [potion of mutation]
 70337 | Slime:4  | Lost mutation: You occasionally lose the ability to read
                  | scrolls when taking damage. [potion of mutation]
 70337 | Slime:4  | Lost mutation: Your body sometimes deteriorates upon taking
                  | damage. [potion of mutation]
 70337 | Slime:4  | Gained mutation: You are dopey. (Int -2) [potion of
                  | mutation]
 70337 | Slime:4  | Gained mutation: You have large cloven feet. [potion of
                  | mutation]
 70495 | Slime:5  | Killed the Royal Jelly
 70741 | Slime:5  | Got a slimy rune of Zot
 70751 | Slime:5  | Identified the amulet of the Messenger {Faith rC+ Will+
                  | Str+3 Dex+2}
 70771 | Slime:5  | Identified the +8 mace "Qaaheyb" {spect, Contam rPois rC+++
                  | Will+}
 70805 | Slime:5  | Identified the +2 ring mail "Awet Ocs" {rElec rCorr MP-9
                  | Dex+2}
 70836 | Slime:5  | Identified the +1 scale mail of Words of Power {rPois rN++
                  | MP-9 SInv}
 70869 | Slime:5  | Gained mutation: Your body sometimes deteriorates upon
                  | taking damage. [a shining eye]
 70872 | Slime:5  | Gained mutation: You are very dopey. (Int -4) [a shining
                  | eye]
 71007 | Slime:3  | Received a gift from Trog
 71697 | Vaults:4 | Lost mutation: You have large cloven feet. [potion of
                  | mutation]
 71697 | Vaults:4 | Lost mutation: Your body sometimes deteriorates upon taking
                  | damage. [potion of mutation]
 71697 | Vaults:4 | Gained mutation: Your skin changes colour to match your
                  | surroundings (Stealth+). [potion of mutation]
 71697 | Vaults:4 | Gained mutation: You have a pair of large horns on your
                  | head. [potion of mutation]
 71799 | Vaults:5 | Entered Level 5 of the Vaults
 71966 | Vaults:5 | Noticed a dread lich
 72254 | Vaults:4 | Killed a dread lich
 73021 | Vaults:4 | Reached XP level 24. HP: 155/222 MP: 22/22
 74423 | Vaults:5 | Identified the ring of the Gloaming {Fire rN+ Int-4 Dex+5}
 74445 | Vaults:5 | Noticed an ancient lich
 74460 | Vaults:5 | Killed an ancient lich
 74526 | Vaults:5 | Received a gift from Trog
 74631 | Vaults:5 | Identified the +9 longbow of Karma {speed, rF+ MP-9 Str+3}
 75000 | Vaults:5 | Got a silver rune of Zot
 75175 | Vaults:5 | Identified the ring "Bouman" {+Blink rPois rF+ Will+ Int+2}
 75248 | Vaults:5 | Identified the +12 long sword of the Burning Gods {pain,
                  | rPois Dex+3}
 75310 | Vaults:5 | Found the +3 hat of Pondering {ponderous, Will+ MP+10
                  | Int+5}
 75315 | Vaults:5 | Identified the +2 chain mail "Erec" {rF+ rN+ Str+3 Int+3}
 75323 | Vaults:5 | Identified the +0 scale mail of Compression {Will+ Str+3}
 75648 | Depths:1 | Entered Level 1 of the Depths
 75726 | Depths:1 | Reached skill level 27 in Fighting
 75741 | Depths:1 | Reached skill level 27 in Armour
 75850 | Depths:1 | Found a gateway to Hell.
 76008 | Depths:1 | Found a snail-covered altar of Cheibriados.
 76182 | Depths:1 | Found Zew Afo's Jewellery Shop.
 76444 | Depths:1 | Found a shimmering blue altar of Sif Muna.
 77003 | Depths:2 | Received a gift from Trog
 77059 | Depths:2 | Found a one-way gate leading to the halls of Pandemonium.
 77337 | Depths:2 | Found a one-way gateway to a ziggurat.
 77423 | Depths:3 | Found a one-way gate to the infinite horrors of the Abyss.
 77682 | Depths:3 | Reached skill level 27 in Dodging
 77852 | Depths:3 | Received a gift from Trog
 77916 | Depths:3 | Reached XP level 25. HP: 231/231 MP: 22/22
 78252 | Depths:3 | Noticed the Enchantress
 78272 | Depths:3 | Killed the Enchantress
 78495 | Depths:3 | Reached XP level 26. HP: 239/239 MP: 22/22
 78538 | Depths:3 | Received a gift from Trog
 78767 | Depths:3 | Found a bloodstained altar of Trog.
 79175 | Depths:4 | Entered Level 4 of the Depths
 79205 | Depths:4 | Paralysed by a sphinx for 2 turns
 79739 | Depths:4 | Found a gate to the Realm of Zot.
 79891 | Depths:4 | Received a gift from Trog
 80131 | Zot:1    | Entered Level 1 of the Realm of Zot
 80935 | Zot:1    | Found a transporter.
 80943 | Zot:1    | Noticed an ancient lich
 80948 | Zot:1    | Found a transporter.
 80951 | Zot:1    | Noticed cforsyth's ghost (veteran MiBe)
 81015 | Zot:1    | Noticed Gofuck's ghost (veteran DgAE)
 81230 | Zot:1    | Noticed a dread lich
 81239 | Zot:1    | Killed a dread lich
 82089 | Zot:1    | Identified the +9 war axe of Deughot {flame, rPois rN+
                  | Str+4 Int-5} (Trog gifted it to you on level 1 of the Realm
                  | of Zot)
 82089 | Zot:1    | Received a gift from Trog
 82775 | Zot:2    | Reached XP level 27. HP: 228/245 MP: 22/22
 82841 | Zot:2    | HP: 9/245 [constriction (6)]
 83106 | Zot:2    | You are sucked into a shaft and drop 1 floor!
 83223 | Zot:3    | Identified the +8 broad axe "Sarcophage" {vorpal, rElec
                  | rF++ Str+2 Dex-4} (Trog gifted it to you on level 3 of the
                  | Realm of Zot)
 83223 | Zot:3    | Received a gift from Trog
 85514 | Zot:3    | Received a gift from Trog
 85611 | Zot:3    | Noticed Parghit
 85661 | Zot:3    | Killed Parghit
 87873 | Zot:5    | Entered Level 5 of the Realm of Zot
 88375 | Zot:5    | Noticed a dread lich
 88512 | Zot:5    | Noticed an orb of fire
 88513 | Zot:5    | Gained mutation: You are vulnerable to cold. (rC-) [an orb
                  | of fire]
 88515 | Zot:5    | Gained mutation: Potions are less effective at restoring
                  | your health. [an orb of fire]
 88534 | Zot:5    | Paralysed by a dread lich for 5 turns
 88536 | Zot:5    | Gained mutation: You are weak. (Str -2) [an orb of fire]
 88550 | Zot:4    | Gained mutation: Your spells are a little easier to cast,
                  | but a little less powerful. [an orb of fire]
 88556 | Zot:4    | Killed an orb of fire
 88557 | Zot:4    | Reached skill level 27 in Axes
 88874 | Zot:4    | Lost mutation: Potions are less effective at restoring your
                  | health. [potion of mutation]
 88874 | Zot:4    | Lost mutation: Your skin changes colour to match your
                  | surroundings (Stealth+). [potion of mutation]
 88874 | Zot:4    | Lost mutation: Your spells are a little easier to cast, but
                  | a little less powerful. [potion of mutation]
 88875 | Zot:4    | Lost mutation: You are partially covered in large bone
                  | plates. (SH +4) [potion of mutation]
 88875 | Zot:4    | Lost mutation: You are weak. (Str -2) [potion of mutation]
 88875 | Zot:4    | Gained mutation: You have large cloven feet. [potion of
                  | mutation]
 88875 | Zot:4    | Gained mutation: You are resistant to electric shocks.
                  | (rElec) [potion of mutation]
 88876 | Zot:4    | Lost mutation: You are vulnerable to cold. (rC-) [potion of
                  | mutation]
 88876 | Zot:4    | Lost mutation: You are very dopey. (Int -4) [potion of
                  | mutation]
 88876 | Zot:4    | Lost mutation: You are frail. (-10% HP) [potion of
                  | mutation]
 88876 | Zot:4    | Gained mutation: You are agile. (Dex +4, Str/Int -1)
                  | [potion of mutation]
 88876 | Zot:4    | Gained mutation: You occasionally lose the ability to drink
                  | potions when taking damage. [potion of mutation]
 88889 | Zot:4    | Killed a dread lich
 88927 | Zot:5    | Received a gift from Trog
 89179 | Zot:5    | Noticed an orb of fire
 89179 | Zot:5    | Gained mutation: You are frail. (-10% HP) [an orb of fire]
 89185 | Zot:5    | Gained mutation: Your body sometimes deteriorates upon
                  | taking damage. [an orb of fire]
 89204 | Zot:5    | Killed an orb of fire
 89791 | Zot:5    | Noticed an orb of fire
 89812 | Zot:5    | Killed an orb of fire
 90250 | Zot:5    | Reached skill level 1 in Stealth
 90253 | Zot:5    | Noticed an orb of fire
 90273 | Zot:5    | Gained mutation: You are covered in fur. (AC +1) [an orb of
                  | fire]
 90279 | Zot:5    | Gained mutation: Your spells are a little easier to cast,
                  | but a little less powerful. [an orb of fire]
 90289 | Zot:5    | Killed an orb of fire
 90290 | Zot:5    | Noticed an orb of fire
 90298 | Zot:5    | Gained mutation: You have hidden genetic defects. [an orb
                  | of fire]
 90309 | Zot:5    | Killed an orb of fire
 90310 | Zot:5    | Noticed an orb of fire
 90327 | Zot:5    | Killed an orb of fire
 90341 | Zot:5    | Noticed an orb of fire
 90348 | Zot:5    | Noticed an ancient lich
 90348 | Zot:5    | Gained mutation: Armour fits poorly on your strangely
                  | shaped body. [an orb of fire]
 90351 | Zot:5    | Gained mutation: You are weak. (Str -2) [an orb of fire]
 90359 | Zot:5    | Gained mutation: You sometimes lose your temper in combat.
                  | [an orb of fire]
 90360 | Zot:5    | Killed an orb of fire
 90365 | Zot:5    | Killed an ancient lich
 90370 | Zot:5    | Noticed an orb of fire
 90373 | Zot:5    | Noticed an orb of fire
 90383 | Zot:5    | Gained mutation: You do not regenerate when monsters are
                  | visible. [an orb of fire]
 90384 | Zot:5    | Gained mutation: Potions are less effective at restoring
                  | your health. [an orb of fire]
 90386 | Zot:5    | Killed an orb of fire
 90387 | Zot:5    | Gained mutation: You are very dopey. (Int -4) [an orb of
                  | fire]
 90389 | Zot:5    | Gained mutation: Your body often deteriorates upon taking
                  | damage. [an orb of fire]
 90416 | Zot:5    | Gained mutation: You occasionally shout uncontrollably at
                  | your foes. [an orb of fire]
 90424 | Zot:5    | Killed an orb of fire
 90439 | Zot:5    | Noticed a dread lich
 90449 | Zot:5    | Reached skill level 5 in Stealth
 90457 | Zot:5    | Killed a dread lich
 90646 | Zot:5    | Lost mutation: You are agile. (Dex +4, Str/Int -1) [hidden
                  | defects]
 90844 | Zot:5    | Lost mutation: You are very dopey. (Int -4) [potion of
                  | mutation]
 90844 | Zot:5    | Lost mutation: Potions are less effective at restoring your
                  | health. [potion of mutation]
 90844 | Zot:5    | Lost mutation: You occasionally lose the ability to drink
                  | potions when taking damage. [potion of mutation]
 90844 | Zot:5    | Lost mutation: Your spells are a little easier to cast, but
                  | a little less powerful. [potion of mutation]
 90844 | Zot:5    | Gained mutation: You have hoof-like feet. [potion of
                  | mutation]
 90845 | Zot:5    | Lost mutation: You sometimes lose your temper in combat.
                  | [potion of mutation]
 90845 | Zot:5    | Lost mutation: You are resistant to electric shocks.
                  | (rElec) [potion of mutation]
 90845 | Zot:5    | Gained mutation: You have supernaturally acute eyesight.
                  | (SInv) [potion of mutation]
 90846 | Zot:5    | Lost mutation: You have a pair of large horns on your head.
                  | [potion of mutation]
 90846 | Zot:5    | Lost mutation: You occasionally shout uncontrollably at
                  | your foes. [potion of mutation]
 90846 | Zot:5    | Lost mutation: You are dopey. (Int -2) [potion of mutation]
 90846 | Zot:5    | Lost mutation: You are frail. (-10% HP) [potion of
                  | mutation]
 90847 | Zot:5    | Lost mutation: You have supernaturally acute eyesight.
                  | (SInv) [potion of mutation]
 90847 | Zot:5    | Lost mutation: You do not regenerate when monsters are
                  | visible. [potion of mutation]
 90847 | Zot:5    | Lost mutation: Armour fits poorly on your strangely shaped
                  | body. [potion of mutation]
 90847 | Zot:5    | Lost mutation: You are weak. (Str -2) [potion of mutation]
 90847 | Zot:5    | Gained mutation: You are agile. (Dex +4, Str/Int -1)
                  | [potion of mutation]
 90854 | Zot:5    | Got the Orb of Zot
 91214 | D:10     | Gained mutation: You are frail. (-10% HP) [a neqoxec]
 91218 | D:10     | Gained mutation: You are very frail. (-20% HP) [a neqoxec]
 91483 | D:2      | Noticed Eluelo the pandemonium lord
 91500 | D:2      | Killed Eluelo the pandemonium lord
 91597 | D:1      | Received a gift from Trog
 91627 | D:$      | Escaped with the Orb!

Illustrated notes

Levels and vault maps discovered:
D:1:      psy_arrival_fountain, layout_loops_corners
D:2:      layout_loops_ring, basic_altar,
          dreamdust_ecumenical_altar_drowned_temple, serial_shops,
          nicolae_shop_temple_entry_statues_fountains, uniq_terence
D:3:      layout_basic, nicolae_overflow_two_pavilions, serial_shops,
          nicolae_shop_waterfront, uniq_natasha
D:4:      layout_basic, uniq_duvessa
D:5:      layout_cave_pods, serial_shops, nicolae_shop_hallway_stairs,
          hangedman_decor_growths
D:6:      layout_basic, minmay_temple_entry_slanted
D:7:      layout_rooms, hangedman_glass_teeth
D:8:      minmay_the_grid_four_pointed_star [minmay_the_grid_triangle_9x9_sprig,
          minmay_the_grid_triangle_9x9_steps,
          minmay_the_grid_triangle_9x9_corrupted_corridor,
          minmay_the_grid_triangle_9x9_zippers_horizontal,
          minmay_the_grid_prize_four_corners], layout_cave_pools,
          david_lair_generic, nicolae_shop_dragon_depot, uniq_joseph
D:9:      layout_basic, hiddenorc1_lemuel, uniq_maurice, uniq_pikel,
          uniq_erolcha
D:10:     layout_long_grid, mainiacjoe_overflow_alcove_1, minmay_misc_feat_x
D:11:     layout_rooms, serial_shops, nicolae_stop_n_shop_1,
          hellmonk_bongcloud_opening, uniq_sonja, uniq_psyche
D:12:     wander_kiku_kobolds, layout_loops_ring, minmay_hedge_maze,
          amethyst_killhole, nicolae_gozag_seed_capital
D:13:     gammafunk_boulding_lane, layout_cave_pods, grunt_vaults_entry_tiered,
          nrook_guardian_serpent_double, uniq_frances, uniq_kirke
D:14:     gammafunk_sealed_arena, layout_stronghold, serial_shops,
          nicolae_lakefront_shop, okawaru_metal_pillars_1_2, feat_on_display
D:15:     hangedman_depths_entry_try_elsewhere_first, layout_grid_maze,
          serial_shops, shop, chequers_serial_rivers_small_b,
          cheibrodos_ashenzari_chains
Lair:1:   layout_long_grid, grunt_megastairs_4, serial_bayou_shore_b,
          uniq_amaemon
Lair:2:   layout_roguey, shoals_dummy_entry, dummy_spider_entry,
          grunt_megastairs_3, lemuel_fruit_tree
Lair:3:   layout_regular_city, grunt_forest_small_clearing_treed,
          infiniplex_staircase_pool, uniq_snorg
Lair:4:   layout_cellular_growth
Lair:5:   minmay_lair_end_frog_pond, layout_cave_pods, slime_entry_1,
          basic_altar, serial_bayou_lagoon_a
Shoals:1: layout_shoals, gammafunk_ghost_tricky_traps, nicolae_shoals_shepherds
Shoals:2: layout_shoals, uniq_nikola, uniq_polyphemus, uniq_louise
Shoals:3: layout_shoals, serial_shops, nicolae_shop_hallway_stairs,
          nicolae_shoals_sun_and_surf
Shoals:4: shoals_end_simple, layout_shoals, nicolae_shop_clearance
Spider:1: layout_spider_delve, nicolae_crawler_farm
Spider:2: nicolae_spider_hilbert_zone_3 [nicolae_spider_hilbert_4_sides_2_open,
          nicolae_spider_hilbert_3_sides_1_open,
          nicolae_spider_hilbert_3_sides_1_open,
          nicolae_spider_hilbert_3_sides_1_open,
          nicolae_spider_hilbert_3_sides_1_open,
          nicolae_spider_hilbert_4_sides_1_open,
          nicolae_spider_hilbert_4_sides_1_open,
          nicolae_spider_hilbert_4_sides_1_open,
          nicolae_spider_hilbert_4_sides_1_open,
          nicolae_spider_hilbert_4_sides_1_open,
          nicolae_spider_hilbert_4_sides_1_open,
          nicolae_spider_hilbert_4_sides_1_open,
          nicolae_spider_hilbert_4_sides_1_open,
          nicolae_spider_hilbert_3_sides_1_open,
          nicolae_spider_hilbert_3_sides_1_open,
          nicolae_spider_hilbert_3_sides_1_open,
          nicolae_spider_hilbert_3_sides_1_open]
Spider:3: cheibrodos_spider_deadly_dance, hangedman_spider_tarantella_strand,
          uniq_bai_suzhen, uniq_mlioglotl
Spider:4: johnstein_spider_rune_arachne_lair, ebering_ghost_rock_garden
Slime:1:  layout_caves, cheibrodos_slime_lost_civilization_7
Slime:2:  layout_caves
Slime:3:  layout_caves
Slime:4:  layout_caves, uniq_dissolution
Slime:5
Orc:1:    layout_caves, nicolae_orc_crystal_geode
Orc:2:    grunt_orc_tribal_feast, layout_caves, uniq_azrael
Elf:1:    nicolae_elf_arrival_aired_out, layout_rooms,
          hangedman_elven_crosses_minicolossus, minmay_shop_star
Elf:2:    elven_hall_of_blades_hangedman_original [mumra_blade_entry_bloodbath],
          layout_gridlike, ebering_ghost_reflecting_pool
Elf:3:    minmay_elf_hall_statues, layout_loops_corners, basic_altar,
          ebering_ghost_disaster_area, moated_statue, patterned_corridor
Vaults:1: mu_enter_wizlab_2, ontoclasm_vaults_spin, hangedman_vaults_capsules,
          v_alt_pattern_5, vaults_mumra_chevron_long, v_alt_pattern_3,
          nicolae_vaults_rhombus_5, nicolae_vaults_little_ls,
          hangedman_vaults_corner, ontoclasm_vaults_chip, v_misc_8,
          vaults_room_pools, layout_vaults_omnicross
Vaults:2: v_misc_23, minmay_crypt_entry_simple_box,
          nicolae_vaults_network_barrier, nicolae_vaults_specimen_jars,
          vaults_mumra_lcd, v_misc_13, vaults_dpeg_emergency_exit,
          hangedman_vaults_corner_blocks, v_misc_9,
          nicolae_vaults_yaktaur_gun_rack, v_misc_33, vaults_dpeg_encased_lava,
          vaults_room_pool, layout_vaults_ring, serial_shops, shop
Vaults:3: nicolae_vaults_c_with_doors, ontoclasm_vaults_misaligned, v_misc_10,
          hangedman_vaults_stitches, v_misc_5, vaults_dpeg_cross,
          nicolae_vaults_asterisk, v_misc_4, v_alt_pattern_4, v_misc_30,
          v_misc_14, hangedman_vaults_unwind, layout_vaults_omnibox,
          serial_shops, nicolae_shop_overgrown_old_shop, shop,
          nicolae_square_shop, shop,
          nicolae_shop_temple_entry_statues_fountains, uniq_asterion
Vaults:4: portal_desolation_entry_garden, v_pattern_3, vaults_mumra_chevron,
          vaults_dpeg_hooks, vaults_mumra_minichess, v_misc_28,
          ontoclasm_vaults_ligature, vaults_room_pool, dpeg_vaults_monster_box,
          layout_vaults_omnigrid, serial_hangedman_research,
          hangedman_research_geology, hangedman_research_metamorphosis,
          serial_shops, nicolae_shop_bloodbath_and_beyond, uniq_xtahua
Vaults:5
Depths:1: layout_basic, serial_shops, nicolae_square_shop, old_standard_altar,
          hellmouth_3, fountainhead, chequers_decorated_corner,
          hangedman_summoners_spam
Depths:2: minmay_expanding_circles, layout_honeycomb, enter_ziggurat_c,
          rand_demon_pan_entry_3, pf_hell_entry_tar_spiral,
          nemelex_diamond_rough_becter
Depths:3: spriggan_forest, hell_entry, abyss_entry, pan_entry
Depths:4: grunt_x_marks_the_spot, layout_cave_pools, minmay_crystal_room,
          hell_entry
Zot:1:    layout_basic, nzn_ghost_randoct, grunt_ministairs_5,
          lemuel_lich_library
Zot:2:    layout_misc_corridors, zot_minivault_8, grunt_megastairs_2
Zot:3:    layout_onion, uniq_parghit
Zot:4:    layout_basic
Zot:5:    layout_misc_corridors

Skill      XL: |  1  2  3  4  5  6  7  8  9 10 11 12 13 14 15 16 17 18 19 20 21 22 23 24 25 26 27 |
---------------+----------------------------------------------------------------------------------+-----
Fighting       | 4 5 6 8 9 10 12 13 14 15 17 18 19 20 21 22 23 25 26 27 | 27.0
Axes           | 4 5 6 7 9 10 12 13 14 15 17 18 19 20 21 22 24 27 | 27.0
Armour         | 3 4 5 6 7 9 10 11 13 14 15 16 18 19 20 21 22 23 25 26 27 | 27.0
Dodging        | 3 4 5 6 8 9 10 12 13 14 15 16 17 18 19 20 22 23 24 27 | 27.0
Shields        | 3 6 9 10 11 13 15 16 20 26 | 26.1
Stealth        | 6 |  6.4

Action                   |  1- 3 |  4- 6 |  7- 9 | 10-12 | 13-15 | 16-18 | 19-21 | 22-24 | 25-27 || total
-------------------------+-------+-------+-------+-------+-------+-------+-------+-------+-------++-------
Melee: Hand axe          |    62 |    87 |   107 |       |       |       |       |       |       ||   256
       Headbutt          |    11 |    15 |    50 |   116 |   239 |   338 |   385 |   457 |   525 ||  2136
       War axe           |       |       |   153 |   504 |   611 |       |       |       |       ||  1268
       Punch             |       |       |       |     1 |       |       |       |       |       ||     1
       Broad axe         |       |       |       |       |   507 |  1400 |  1376 |  1535 |  1608 ||  6426
       Unarmed           |       |       |       |       |     1 |       |       |       |       ||     1
Invok: Berserk           |     1 |     2 |     2 |     9 |     7 |     7 |     3 |       |     4 ||    35
       Trog's Hand       |       |       |     1 |     6 |    20 |    22 |    37 |    48 |    27 ||   161
  Use: Potion            |       |       |     2 |     1 |     1 |       |     4 |    16 |    24 ||    48
       Scroll            |       |       |       |     7 |    22 |     5 |    13 |     3 |    12 ||    62
 Stab: Invisible         |       |       |     2 |       |       |       |       |       |       ||     2
       Distracted        |       |       |       |     1 |       |       |       |       |       ||     1
       Paralysed         |       |       |       |       |       |       |       |     2 |       ||     2
Armor: Animal skin       |     4 |       |       |       |       |       |       |       |       ||     4
       Plate armour      |    25 |    64 |   221 |   334 |   605 |   374 |       |       |       ||  1623
       Storm dragon scal |       |       |       |       |       |   474 |    78 |       |       ||   552
       Crystal plate arm |       |       |       |       |       |       |   567 |   829 |   827 ||  2223
Dodge: Dodged            |    26 |    37 |   129 |   372 |   703 |   934 |   550 |   531 |   617 ||  3899
Block: Kite shield       |       |       |       |   206 |   778 |  1058 |  1070 |  1396 |  1600 ||  6108
       Reflection        |       |       |       |       |       |    50 |    61 |    60 |    30 ||   201

Table legend: (Time is in decaauts)
 A = Elapsed time spent in this place.
 B = Non-inter-level travel time spent in this place.
 C = Inter-level travel time spent in this place.
 D = Time resting spent in this place.
 E = Time spent auto-exploring this place.
 F = Levels seen in this place.
 G = Mean time per level.
                   A        B        C        D        E       F      G
               +--------+--------+--------+--------+--------+-----+--------+
         Total |  90957 |  85774 |   5183 |  31289 |  36395 |  54 | 1684.4 |
       Dungeon |  18883 |  16091 |   2792 |   2430 |  10578 |  15 | 1258.9 |
          Lair |  10198 |   9726 |    472 |   4661 |   3654 |   5 | 2039.6 |
        Shoals |   7815 |   7570 |    245 |   2968 |   3418 |   4 | 1953.8 |
   Spider Nest |  13256 |  13081 |    175 |   7855 |   3126 |   4 | 3314.0 |
    Slime Pits |   6044 |   5894 |    150 |   3230 |   1332 |   5 | 1208.8 |
  Orcish Mines |   2413 |   2209 |    204 |    675 |   1081 |   2 | 1206.5 |
   Elven Halls |   3435 |   3308 |    127 |    426 |   1969 |   3 | 1145.0 |
        Vaults |  11233 |  10564 |    669 |   3059 |   5035 |   5 | 2246.6 |
        Depths |   4482 |   4380 |    102 |    508 |   2653 |   4 | 1120.5 |
           Zot |  10509 |  10265 |    244 |   4415 |   2946 |   5 | 2101.8 |
        Wizlab |   1711 |   1711 |      0 |    992 |    149 |   1 | 1711.0 |
    Desolation |    972 |    972 |      0 |     66 |    453 |   1 |  972.0 |
               +--------+--------+--------+--------+--------+-----+--------+

Top non-repeatable levels by time:
Spider:2: 5959 daAuts
  Lair:2: 4182 daAuts
Shoals:4: 3526 daAuts
Vaults:4: 3525 daAuts
     D:8: 3143 daAuts
Vaults:3: 2991 daAuts
Spider:3: 2946 daAuts
Spider:4: 2658 daAuts
   Zot:3: 2407 daAuts
   Zot:5: 2395 daAuts
 Slime:4: 2348 daAuts
   Zot:1: 2205 daAuts
   Zot:4: 2118 daAuts
Depths:3: 2036 daAuts
   Orc:2: 1955 daAuts
